 Dungeon Crawl Stone Soup version 0.29.1-2-gbd0b4ee654 (webtiles) character file.

Game seed: 10934617790359758949

21 xian the Sneak (level 2, -1/13 HPs)
             Began as a Spriggan Enchanter on Oct 26, 2022.
             Hit by a goblin thrown by Robin (2 damage)
             ... on level 2 of the Dungeon.
             The game lasted 00:02:43 (2096 turns).

xian the Sneak (Spriggan Enchanter)                 Turns: 2096, Time: 00:02:44

Health: -1/13      AC:  2    Str:  4    XL:     2   Next: 62%
Magic:  6/6        EV: 17    Int: 16    God:
Gold:   76         SH:  0    Dex: 15    Spells: 4/6 levels left

rFire   . . .      SeeInvis +   a - +1 dagger
rCold   . . .      Faith    +   (no shield)
rNeg    . . .      Spirit   .   b - +0 robe
rPois   .          Reflect  .   (helmet restricted)
rElec   .          Harm     .   (no cloak)
rCorr   .          Rampage  .   (gloves unavailable)
Will    .....                   (boots unavailable)
Stlth   +++.......              h - amulet of faith
HPRegen 0.04/turn               (no ring)
MPRegen 0.10/turn               (no ring)

@: very quick
A: very small, no large weapons, unfitting armour, see invisible, speed 3
a: no special abilities


You were on level 2 of the Dungeon.
You visited 1 branch of the dungeon, and saw 2 of its levels.

You collected 76 gold pieces.

Inventory:

Hand Weapons
 a - a +1 dagger (weapon)
Missiles
 d - 2 curare-tipped darts (quivered)
Armour
 b - a +0 robe (worn)
Jewellery
 h - an amulet of faith (around neck)
Scrolls
 e - a scroll of blinking {unknown}
 f - a scroll of teleportation {unknown}
 i - a scroll of fear {unknown}
 j - a scroll of acquirement {unknown}
 k - a scroll of magic mapping {unknown}
Potions
 c - 2 potions of invisibility
 g - 2 potions of attraction {unknown}


   Skills:
 + Level 1.1 Short Blades
 + Level 0.2 Throwing
 + Level 3.3 Dodging
 + Level 5.0 Stealth
 + Level 2.9 Spellcasting
 + Level 3.8 Hexes


You had 4 spell levels left.
You knew the following spells:

 Your Spells              Type           Power      Damage    Failure   Level
a - Ensorcelled Hibernat  Hex/Ice        16%        N/A       13%         2

Your spell library contained the following spells:

 Spells                   Type           Power      Damage    Failure   Level
 Confusing Touch          Hex            14%        N/A       12%         3
 Tukima's Dance           Hex            14%        N/A       12%         3
 Dazzling Flash           Conj/Hex       16%        N/A       26%         3
 Spider Form              Tmut/Pois      2%         N/A       50%         3
 Anguish                  Hex/Necr       4%         N/A       63%         4


Dungeon Overview and Level Annotations

Branches:
Dungeon (2/15)

Altars:

Annotations:
D:2 Robin


Innate Abilities, Weirdness & Mutations

You are very small and have problems with some larger weapons.
You are too small for most types of armour.
You have supernaturally acute eyesight. (SInv)
You cover ground extremely quickly. (Speed+++)


Message History

The stone completely misses the ball python.
The ball python hisses angrily.
You throw a stone.
The stone closely misses the ball python.
The ball python completely misses you. x2
You see here a scroll labelled HANOKL WAQUST.
You hit the ball python.
The ball python is severely wounded.
The ball python closely misses you. x2
You hit the ball python.
You kill the ball python!
Found a buckler.
f - a scroll labelled HANOKL WAQUST
k - a scroll labelled KUCZUH FYLIRA A goblin comes into view.
It is wielding a +0 dagger.
You see here a +1 pair of boots.
You hit the goblin.
You kill the goblin!
Robin and 3 goblins come into view.
Things that are here:
a +0 dagger; a goblin corpse A goblin comes into view.
It is wielding a +0 club.
The goblin shouts! x2; Robin shouts!
You hear a shout!
Robin throws the goblin at you!
The goblin shouts!
You hear a shout!
The goblin shouts!
The goblin shouts!
You hit the goblin.
You kill the goblin!
Robin throws the goblin at you! The goblin hits you with a +0 dagger.
Robin throws the goblin at you! The goblin completely misses you.
Things that are here:
a +0 dagger; a +0 dagger; a goblin corpse The goblin unwields a +0 club.
The goblin wields a +0 sling.
The goblin shoots a sling bullet.
The sling bullet hits you.
* * * LOW HITPOINT WARNING * * *
You see here a +1 pair of boots.
The goblin shoots a sling bullet.
The sling bullet misses you. Robin throws the goblin at you!
You die...

#....# #...##.# .....###...##.#
............#.# ............#g#
....#######.g.# ##
....#######g#g.## ..
...........[#...## ^# #.#..#.....
...#######.g###..#..#.#.#..#.....
#...........g...@...#.#.#..#.....
#.########..##.#g................
### #........#####..........
#..##.#..### #..........
#..##.#.....##.........#
##.##.#.###..#........<. .....#.#
##.#........#. #. ###..
............##
#########..#........


You could see Robin and 5 goblins.

Vanquished Creatures
  An endoplasm (D:1)
  3 goblins (D:2)
  6 hobgoblins (D:1)
  4 ball pythons
  A bat (D:1)
  2 kobolds
  2 rats (D:1)
19 creatures vanquished.

Notes
Turn   | Place    | Note
-------+----------+-------------------------------------------
     0 | D:1      | xian the Spriggan Enchanter began the quest for the Orb.
     0 | D:1      | Reached XP level 1. HP: 9/9 MP: 5/5
   678 | D:1      | Reached XP level 2. HP: 13/13 MP: 6/6
   860 | D:1      | Learned a level 2 spell: Ensorcelled Hibernation
  1247 | D:1      | Found a faded altar of an unknown god.
  1643 | D:2      | Reached skill level 5 in Stealth
  2083 | D:2      | Noticed Robin
  2096 | D:2      | Hit by a goblin thrown by Robin

Illustrated notes

Levels and vault maps discovered:
D:1:      lemuel_arrival_behind_the_door_small, layout_loops_corners,
          hellmonk_ecumenical_altar_inner_sanctum,
          hangedman_abyss_or_decor_lesser_grid
D:2:      layout_basic, serial_shops, shop_coins, corner_web_ring, uniq_robin

Skill      XL: |  1  2 |
---------------+-------+-----
Dodging        | 3 |  3.3
Stealth        | 5 |  5.0
Short Blades   | |  1.1
Throwing       | |  0.2
Spellcasting   | |  2.9
Hexes          | |  3.8

Action                   || total
-------------------------++-------
Melee: Dagger            ||    53
       Punch             ||     1
Throw: Dart              ||     9
       Stone             ||     2
 Stab: Sleeping          ||     3
Armor: Robe              ||     6
Dodge: Dodged            ||    53
